 Dungeon Crawl Stone Soup version 0.30-a0-629-gd54f4be4f7 (webtiles) character file.

Game seed: 15048819681199284277

20 wormed the Grasshopper (level 2, 0/23 HPs)
             Began as a Gnoll Wanderer on Jan 13, 2023.
             Slain by a giant cockroach (1 damage)
             ... on level 2 of the Dungeon.
             The game lasted 00:01:14 (676 turns).

wormed the Grasshopper (Gnoll Wanderer)              Turns: 676, Time: 00:01:14

Health: 0/23       AC:  2    Str: 10    XL:     2   Next: 79%
Magic:  5/5        EV: 11    Int: 14    God:
Gold:   40         SH:  0    Dex:  9    Spells: 5/6 levels left

rFire   . . .      SeeInvis +    a - +0 sling
rCold   . . .      Faith    .    (no shield)
rNeg    . . .      Spirit   .    d - +0 robe
rPois   .          Reflect  .    (no helmet)
rElec   .          Harm     .    (no cloak)
rCorr   .          Rampage  .    (no gloves)
Will    .....                    (no boots)
Stlth   +                        (no amulet)
HPRegen 0.23/turn                f - ring of see invisible
MPRegen 0.09/turn                (no ring)

@: no status effects
A: fangs 1, strong nose, distributed training
a: no special abilities


You were on level 2 of the Dungeon.
You visited 1 branch of the dungeon, and saw 2 of its levels.

You collected 40 gold pieces.

Inventory:

Hand Weapons
 a - a +0 sling (weapon)
Armour
 d - a +0 robe (worn)
Jewellery
 f - a ring of see invisible (left hand)
Wands
 b - a wand of flame (3)
Scrolls
 c - a scroll of fog
Potions
 k - a potion of curing
 l - a potion of mutation {unknown}


   Skills:
 + Level 2.5 Fighting
 + Level 0.5 Short Blades
 + Level 0.5 Long Blades
 + Level 0.5 Axes
 + Level 0.5 Maces & Flails
 + Level 0.5 Polearms
 + Level 0.5 Staves
 + Level 4.5 Ranged Weapons
 + Level 0.5 Throwing
 + Level 0.5 Armour
 + Level 0.5 Dodging
 + Level 0.5 Stealth
 + Level 0.5 Shields
 + Level 0.5 Unarmed Combat
 + Level 2.7 Spellcasting
 + Level 0.4 Conjurations
 + Level 0.4 Hexes
 + Level 0.4 Summonings
 + Level 0.4 Necromancy
 + Level 7.0 Translocations
 + Level 0.4 Transmutations
 + Level 0.4 Fire Magic
 + Level 0.4 Ice Magic
 + Level 0.4 Air Magic
 + Level 0.4 Earth Magic
 + Level 0.4 Poison Magic
 + Level 0.7 Invocations
 + Level 4.5 Evocations


You had 5 spell levels left.
You knew the following spells:

 Your Spells              Type           Power      Damage    Failure   Level
a - Apportation           Tloc           42%        N/A       1%          1

Your spell library contained the following spells:

 Spells                   Type           Power      Damage    Failure   Level
 Teleport Other           Tloc           21%        N/A       3%          3
 Portal Projectile        Hex/Tloc       24%        N/A       14%         3
 Call Canine Familiar     Summ           3%         N/A       50%         3
 Leda's Liquefaction      Hex/Erth       1%         N/A       88%         4


Dungeon Overview and Level Annotations

Branches:
Dungeon (2/15)

Altars:


Innate Abilities, Weirdness & Mutations

You have very sharp teeth.
Your uncanny sense of smell can sniff out nearby items.
Your experience applies equally to all skills.


Message History

The giant cockroach is almost dead.
The giant cockroach closely misses you. The hobgoblin hits you.
The giant cockroach closely misses you.
You are too injured to fight recklessly!
You are too injured to fight recklessly!
You are too injured to fight recklessly!
You shoot a sling bullet.
The sling bullet completely misses the giant cockroach.
The hobgoblin completely misses you. The giant cockroach closely misses you.
You shoot a sling bullet.
The sling bullet completely misses the giant cockroach.
The hobgoblin barely misses you. The giant cockroach barely misses you.
You shoot a sling bullet.
The sling bullet barely misses the giant cockroach.
The giant cockroach bites you but does no damage.
The hobgoblin misses you. The giant cockroach bites you.
You shoot a sling bullet.
The sling bullet barely misses the giant cockroach.
The hobgoblin barely misses you. The giant cockroach barely misses you.
The hobgoblin hits you but does no damage.
You shoot a sling bullet.
The sling bullet barely misses the giant cockroach.
The giant cockroach barely misses you. The hobgoblin hits you.
The giant cockroach completely misses you.
You shoot a sling bullet.
The sling bullet barely misses the giant cockroach.
The hobgoblin barely misses you. The giant cockroach closely misses you.
You shoot a sling bullet.
The sling bullet barely misses the giant cockroach.
The giant cockroach completely misses you.
The hobgoblin hits you.
* * * LOW HITPOINT WARNING * * *
You shoot a sling bullet.
The sling bullet hits the giant cockroach but does no damage.
The giant cockroach is severely wounded.
The giant cockroach bites you but does no damage.
The hobgoblin hits you.
* * * LOW HITPOINT WARNING * * *
The giant cockroach bites you.
You die...

#.......#
#.......#
#.......#
#.......#
#.......#
#.......# #.#
#Bg..# #.# ###@###
#.# #.....#
#.##.....#.#
#.##.#.###.#
#.##... #.#
#.##### #.#
#.#####†########.#
#................#
#######.#<..)....#


You could see a giant cockroach and a hobgoblin.

Vanquished Creatures
  A dart slug (D:1)
  A giant cockroach (D:1)
  5 goblins
  A hobgoblin (D:1)
  4 jackals (D:1)
  2 ball pythons
  A bat (D:1)
  A spectral hobgoblin (D:1)
16 creatures vanquished.

Notes
Turn   | Place    | Note
-------+----------+-------------------------------------------
     0 | D:1      | wormed the Gnoll Wanderer began the quest for the Orb.
     0 | D:1      | wormed set off with the following items: a +0 sling, a wand
                  | of flame (3), a scroll of fog, a +0 robe; and the following
                  | spell memorised: Apportation; and the following spells
                  | available to memorise: Teleport Other, Portal Projectile.
     0 | D:1      | Reached XP level 1. HP: 17/17 MP: 4/4
    25 | D:1      | Found a faded altar of an unknown god.
   100 | D:1      | Reached XP level 2. HP: 5/23 MP: 5/5
   676 | D:2      | HP: 1/23 [hobgoblin (4)]
   676 | D:2      | Slain by a giant cockroach

Illustrated notes

Levels and vault maps discovered:
D:1:      doesnt_arrival_eight_statues, layout_rooms,
          dreamdust_ecumenical_altar_drowned_temple
D:2:      layout_basic

Action                   || total
-------------------------++-------
 Fire: Sling             ||    96
  Use: Scroll            ||     5
Armor: Robe              ||    17
Dodge: Dodged            ||    54

Table legend: (Time is in decaauts)
 A = Elapsed time spent in this place.
 B = Non-inter-level travel time spent in this place.
 C = Inter-level travel time spent in this place.
 D = Time resting spent in this place.
 E = Time spent auto-exploring this place.
 F = Levels seen in this place.
 G = Mean time per level.
                   A        B        C        D        E       F      G
               +--------+--------+--------+--------+--------+-----+--------+
         Total |    698 |    658 |     40 |      0 |    501 |   2 |  349.0 |
       Dungeon |    698 |    658 |     40 |      0 |    501 |   2 |  349.0 |
               +--------+--------+--------+--------+--------+-----+--------+

Top non-repeatable levels by time:
     D:1: 651 daAuts
     D:2: 47 daAuts
